 Dungeon Crawl Stone Soup version 0.29-a0-920-g5d2155ec51 (webtiles) character file.

Game seed: 10135339463712991015

20543 Garessta the Summoner (level 12, -23/85 HPs)
             Began as an Octopode Summoner on July 27, 2022.
             Was an Initiate of Gozag.
             Hit by a javelin thrown by a minotaur (35 damage)
             ... in a Gauntlet.
             The game lasted 00:53:16 (17207 turns).

Garessta the Summoner (Octopode Summoner)          Turns: 17207, Time: 00:53:17

Health: -23/85     AC:  1    Str: 16    XL:     12   Next: 80%
Magic:  6/26       EV: 19    Int: 24    God:    Gozag
Gold:   841        SH:  8    Dex: 13    Spells: 16/31 levels left

rFire   + . .      SeeInvis .   q - +9 short sword "Urutzem" {venom, rF+ Str+2 Int+3 Stlth+}
rCold   . . .      Faith    +   F - +0 kite shield
rNeg    . . .      Spirit   .   (helmet restricted)
rPois   .          Reflect  .   u - amulet of faith
rElec   .          Harm     .   E - +4 ring of evasion
rCorr   +          Rampage  .   y - ring of resist corrosion
Will    .....      NoTele   +   C - +6 ring of strength
Stlth   ++++......              (no ring)
HPRegen 0.24/turn               (no ring)
MPRegen 0.20/turn               (no ring)
                                (no ring)
                                (no ring)

@: no status effects
A: almost no armour, amphibious, 8 rings, camouflage 1, gelatinous body 1,
(nimble swimmer 1), tentacles
a: Renounce Religion, Potion Petition, Call Merchant, Bribe Branch


You were in a Gauntlet.
You worshipped Gozag.
Gozag was pleased with you.
You visited 3 branches of the dungeon, and saw 14 of its levels.
You also visited: Gauntlet.

You collected 1679 gold pieces.
You spent 90 gold pieces at shops.
You paid 748 gold pieces to Gozag.

Inventory:

Hand Weapons
 q - the +9 short sword "Urutzem" (weapon) {venom, rF+ Str+2 Int+3 Stlth+}
   (You found it on level 3 of the Dungeon)

   It poisons the flesh of those it strikes.
   Str:       It affects your strength (+2).
   Int:       It affects your intelligence (+3).
   rF:        It protects you from fire.
   Stlth:     It makes you more stealthy.
Missiles
 r - 2 silver boomerangs (quivered)
 s - 2 throwing nets
 G - 2 boomerangs of dispersal
 H - 2 boomerangs
Armour
 F - a +0 kite shield (worn)
Magical Staves
 v - a staff of air
Jewellery
 u - an amulet of faith (around mantle)
 y - a ring of resist corrosion (right tentacle)
 C - a +6 ring of strength (on tentacle)
 E - a +4 ring of evasion (left tentacle)
Wands
 d - a wand of flame (13)
 B - a wand of iceblast (6)
 I - a wand of mindburst (4)
Scrolls
 c - a scroll of enchant armour
 e - 3 scrolls of immolation
 f - 2 scrolls of fear
 g - a scroll of blinking
 h - 6 scrolls of vulnerability
 k - 2 scrolls of teleportation
 t - a scroll of magic mapping
 A - 3 scrolls of fog
 D - a scroll of torment
 J - a scroll of identify
Potions
 a - 4 potions of magic
 b - 3 potions of mutation
 i - 4 potions of curing
 j - 3 potions of flight
 l - 2 potions of might
 m - a potion of cancellation
 n - a potion of invisibility
 o - 2 potions of attraction
 p - a potion of brilliance
 w - 3 potions of heal wounds
 x - 4 potions of lignification
 z - 12 potions of ambrosia


   Skills:
 + Level 9.1 Fighting
 + Level 9.4 Dodging
 - Level 2.6 Stealth
 - Level 2.5 Shields
 - Level 10.0 Spellcasting
 - Level 5.0 Hexes
 - Level 10.0 Summonings
 - Level 7.0 Air Magic


You had 16 spell levels left.
You knew the following spells:

 Your Spells              Type           Power      Damage    Failure   Level
a - Call Canine Familiar  Summ           56%        N/A       1%          3
b - Summon Guardian Gole  Hex/Summ       48%        N/A       2%          3
c - Summon Lightning Spi  Summ/Air       51%        N/A       4%          4
d - Call Imp              Summ           56%        N/A       1%          2
t - Tukima's Dance        Hex            36%        N/A       6%          3

Your spell library contained the following spells:

 Spells                   Type           Power      Damage    Failure   Level
 Summon Small Mammal      Summ           100%       N/A       1%          1
 Beastly Appendage        Tmut           24%        N/A       17%         1
 Portal Projectile        Hex/Tloc       48%        N/A       19%         3
 Ozocubu's Armour         Ice            12%        N/A       45%         3
 Stone Arrow              Conj/Erth      24%        3d8       45%         3
 Metabolic Englaciation   Hex/Ice        12%        N/A       86%         5
 Blade Hands              Tmut           6%         N/A       99%         5
 Lehudib's Crystal Spear  Conj/Erth      6%         10d3      100%        8
 Animate Armour           Summ/Erth      Unusable   N/A       N/A         4
 Simulacrum               Ice/Necr       Unusable   N/A       N/A         6

Dungeon Overview and Level Annotations

Branches:
Dungeon (10/15)            Temple (1/1) D:5            Lair (3/5) D:10
 Shoals (0/4) Lair:2       Spider (0/4) Lair:2      Gauntlet (1/1)
    Orc: D:9-12

Altars:
Ashenzari
Cheibriados
Dithmenos
Elyvilon
Fedhas
Gozag
Hepliaklqana
Kikubaaqudgha
Makhleb
Nemelex Xobeh
Okawaru
Qazlal
Ru
Sif Muna
Trog
Uskayaw
Vehumet
Wu Jian
Xom
Yredelemnul
Zin
The Shining One
Lugonu

Shops:
D:3 :   D:9 *   Lair:3 ?

Annotations:
D:8 dig vault
D:10 exclusion: obsidian statue Gauntlet 7 transporters


Innate Abilities, Weirdness & Mutations

You cannot wear most types of armour.
You are amphibious.
You can wear up to eight rings at the same time.
Your skin changes colour to match your surroundings (Stealth+).
Your rubbery body absorbs attacks. (AC +1, EV +1)
((You are camouflaged when in or above water. (Stealth+)))
You have tentacles for arms and can constrict up to eight enemies at once.


Message History

Something hits your lightning spire!! Something gores your lightning spire.
There is a transporter landing site here.
An electric hum fills the air.
Your lightning spire shoots out a bolt of lightning at the minotaur!
The bolt of electricity hits your guardian golem.
Your guardian golem resists.
The bolt of electricity hits the minotaur.
Your lightning spire shoots out a bolt of lightning at the minotaur!
The bolt of electricity hits the minotaur!
What are your orders? t - Shout!
Orders for allies: a - Attack new target. p - Attack previous target. r - Retreat! s - Stop attacking. g - Guard the area. f - Follow me.
Anything else - Cancel.
Gang up on whom?
Press: ? - help, Dir - move target, f/p - sixfirhy
Aim: a sixfirhy (fire blocked by a translucent stone wall)
Okay, then.
What are your orders? t - Shout!
Orders for allies: a - Attack new target. p - Attack previous target. r - Retreat! s - Stop attacking. g - Guard the area. f - Follow me.
Anything else - Cancel.
Gang up on whom?
Press: ? - help, Dir - move target, f - minotaur, p - sixfirhy
Aim: a minotaur, wielding a +2 morningstar of venom, wearing a +0 chain mail and quivering javelins (moderately wounded, ally target) Attack!
Your guardian golem overheats!
The minotaur hits your guardian golem with a +2 morningstar of venom!!
Your guardian golem disappears in a puff of smoke!
Your guardian golem explodes!
The fiery explosion engulfs you!! You resist.
* * * LOW HITPOINT WARNING * * *
The fiery explosion engulfs the minotaur!!
Unknown command.
The minotaur throws a javelin.
The javelin pierces through you!!
You die...
Your body crumbles into a pile of gold.

≈≈.#########...#≈≈≈#
#≈....#©..8#...#...##..
##..8.#...©#.8.#......#
#≈....#©..8#.⌠.#.8.##.#
≈≈.#########.8.#.©.##..
#≈.#.......#...#.8....# ##..
##.#.#####.#...#.©.##8##....#
#≈.#.'...'.#.8.#.8.##....###
≈≈.#.#.©.#3#.∩.#@©....# '. $
#≈.#.#≈≈≈#.#.8.#§8.##.##.#
##.#.#####3#...#§©.##....#
#≈.#...©.).#...#H8....##.##..
≈≈.#########.8.#8©.##.##....#
#≈....#©..8#.⌠.#.8.##....##.#
##..8.#...©#.8.#.....§##.# .
#≈....#©..8#...#...##.# ..
≈≈.#########...#≈≈≈#### ##


You could see a minotaur (ally target), 2 sixfirhies and a friendly lightning
spire (summoned).

Vanquished Creatures
  A cane toad (Lair:2)
  4 blink frogs (Lair:2)
  2 jumping spiders (Lair:2)
  A steam dragon (D:7)
  A water moccasin (D:8)
  A centaur (D:8)
  A bullfrog (Lair:1)
  A wight (D:7)
  3 killer bees
  A hound (D:4)
  Natasha (twice) (D:3)
  3 orc wizards (D:9)
  A mummy (D:7)
  2 adders
  A worm (D:2)
  8 orcs
  4 ball pythons
  2 endoplasms
  2 giant cockroaches
  7 goblins
  7 hobgoblins
  10 jackals
  A quokka (D:2)
  5 bats
  2 frilled lizards
  5 rats
78 creatures vanquished.

Vanquished Creatures (collateral kills)
  A hydra (Lair:1)
  Pikel (D:8)
  Joseph (D:7)
  A black mamba (Lair:1)
  2 cane toads
  4 komodo dragons
  A queen bee (Lair:2)
  2 merfolk (Lair:2)
  A troll (D:9)
  Prince Ribbit (D:7)
  6 blink frogs (Lair:2)
  12 yaks
  3 wyverns
  A basilisk (Lair:2)
  2 redbacks (Lair:2)
  2 wargs (D:10)
  An acid dragon (D:10)
  A water moccasin (D:7)
  A nameless horror (Lair:2)
  An orc warrior (D:8)
  2 ice beasts (D:7)
  A centaur (D:10)
  A phantom (D:5)
  3 wolves (Lair:1)
  2 lemures (D:8)
  3 kobold brigands
  4 bullfrogs
  A necrophage (D:7)
  8 wights (D:7)
  Dowan (D:7)
  26 killer bees
  2 howler monkeys
  3 hounds (D:5)
  3 orc priests
  A gnoll bouda (D:7)
  4 orc wizards
  Natasha (D:3)
  Terence (D:3)
  An iguana (D:7)
  8 gnolls
  5 adders
  5 shadow imps
  2 white imps
  3 worms
  2 dart slugs
  16 orcs
  6 endoplasms
  2 goblins
  3 hobgoblins
  3 jackals
  18 kobolds
  2 quokkas (D:2)
  2 ball pythons
  2 bats
  A frilled lizard (D:1)
  2 rats (D:2)
  2 butterflies (D:5)
197 creatures vanquished.

Vanquished Creatures (others)
  A hydra (Lair:1)
  A wizard (Gauntlet)
  An ugly thing (D:8)
  A cyclops (D:10)
  A komodo dragon (Lair:2)
  3 cane toads (Lair:1)
  2 merfolk (Lair:2)
  A blink frog (Lair:2)
  A jumping spider (Lair:2)
  A basilisk (Lair:1)
  A wyvern (D:10)
  7 yaks
  Eustachio (D:6)
  2 dancing weapons
  A warg (D:10)
  A water moccasin (Lair:1)
  Duvessa (D:7)
  A black bear (D:5)
  An ice beast (D:6)
  A wolf (Lair:1)
  An ogre (D:7)
  4 bullfrogs
  A scorpion (D:5)
  A wight (D:7)
  16 killer bees
  2 orc wizards (D:9)
  An iguana (D:7)
  A gnoll (D:5)
  A bush (Lair:2)
  30 fungi
  21 plants
109 creatures vanquished.

Grand Total: 384 creatures vanquished

Notes
Turn   | Place    | Note
-------+----------+-------------------------------------------
     0 | D:1      | Garessta the Octopode Summoner began the quest for the Orb.
     0 | D:1      | Reached XP level 1. HP: 11/11 MP: 3/3
     0 | D:1      | Noticed a demonspawn zombie
     8 | D:1      | Noticed a merfolk zombie
    13 | D:1      | Noticed a merfolk zombie
    17 | D:1      | Noticed a demonspawn zombie
    86 | D:1      | Reached XP level 2. HP: 17/17 MP: 1/5
   226 | D:1      | Learned a level 2 spell: Call Imp
   621 | D:1      | Reached XP level 3. HP: 21/21 MP: 6/6
   897 | D:1      | Found a faded altar of an unknown god.
  1267 | D:2      | Learned a level 3 spell: Call Canine Familiar
  1594 | D:2      | Reached XP level 4. HP: 27/27 MP: 8/8
  1918 | D:2      | Reached skill level 5 in Summonings
  1922 | D:2      | Learned a level 3 spell: Summon Guardian Golem
  2171 | D:3      | Noticed Natasha
  2175 | D:3      | Killed Natasha
  2176 | D:3      | Reached XP level 5. HP: 25/31 MP: 10/10
  2334 | D:3      | Noticed Natasha
  2344 | D:3      | Killed Natasha
  2388 | D:3      | Found a glowing golden altar of the Shining One.
  2564 | D:3      | Identified the +9 short sword "Urutzem" {venom, rF+ Str+2
                  | Int+3 Stlth+}
  2591 | D:3      | Noticed Terence
  2601 | D:3      | Killed Terence
  2660 | D:3      | Found Baak Por's Vocational Training.
  2781 | D:3      | Noticed Natasha
  2790 | D:3      | Killed Natasha
  3171 | D:4      | Reached XP level 6. HP: 36/36 MP: 12/12
  3367 | D:4      | Reached skill level 1 in Hexes
  3418 | D:4      | Found a shimmering altar of Xom.
  3517 | D:4      | Found a white marble altar of Elyvilon.
  3922 | D:5      | Entered Level 5 of the Dungeon
  4024 | D:5      | Found a staircase to the Ecumenical Temple.
  4034 | Temple   | Entered the Ecumenical Temple
  4300 | D:5      | Reached XP level 7. HP: 41/41 MP: 7/13
  4308 | D:5      | Learned a level 4 spell: Summon Lightning Spire
  4732 | D:5      | Reached skill level 1 in Air Magic
  4754 | D:5      | Reached skill level 5 in Spellcasting
  5391 | D:5      | Found an ornate altar of the Wu Jian Council.
  5472 | D:6      | Noticed Eustachio
  5601 | D:6      | Learned a level 3 spell: Tukima's Dance
  5673 | D:6      | Killed Eustachio
  5674 | D:6      | Reached XP level 8. HP: 46/46 MP: 7/15
  6018 | D:6      | Found a radiant altar of Vehumet.
  6176 | D:6      | Found a hazy altar of Hepliaklqana.
  6448 | D:7      | Found a snail-covered altar of Cheibriados.
  6807 | D:7      | Reached XP level 9. HP: 51/51 MP: 11/18
  6912 | D:7      | Reached skill level 5 in Hexes
  7046 | D:7      | Noticed Duvessa
  7052 | D:7      | Noticed Dowan
  7073 | D:7      | Killed Duvessa
  7088 | D:7      | Killed Dowan
  7339 | D:7      | Noticed Prince Ribbit
  7369 | D:7      | Killed Prince Ribbit
  7370 | D:7      | Reached skill level 5 in Air Magic
  7464 | D:7      | Reached skill level 1 in Fighting
  7874 | D:7      | Noticed Joseph
  7896 | D:7      | Killed Joseph
  8053 | D:7      | Reached XP level 10. HP: 50/61 MP: 13/20
  8706 | D:8      | Found a hide-covered altar of Uskayaw.
  9203 | D:8      | Noticed Pikel
  9211 | D:8      | Killed Pikel
  9411 | D:8      | Noticed a white ugly thing
  9426 | D:8      | Killed a white ugly thing
  9646 | D:8      | Found a glowing silver altar of Zin.
 10255 | D:9      | Found a shadowy altar of Dithmenos.
 10288 | D:9      | Found Orual's Gadget Gallery.
 10830 | D:9      | Reached skill level 5 in Dodging
 10965 | D:9      | Found a shimmering blue altar of Sif Muna.
 11059 | D:9      | Got Sif Muna's Incunable of Shaping
 11190 | D:9      | Found a broken altar of Ashenzari.
 11213 | D:10     | Entered Level 10 of the Dungeon
 11231 | D:10     | Reached XP level 11. HP: 53/70 MP: 13/23
 11403 | D:10     | Found a bloodstained altar of Trog.
 11437 | D:10     | Found an opulent altar of Gozag.
 11457 | D:10     | Became a worshipper of Gozag Ym Sagoz the Greedy
 11519 | D:10     | Reached skill level 5 in Fighting
 11523 | D:10     | Noticed a cyclops
 11535 | D:10     | Killed a cyclops
 11645 | D:10     | Found an ancient bone altar of Kikubaaqudgha.
 11925 | D:10     | Found a staircase to the Lair.
 11957 | D:10     | Noticed an obsidian statue
 12109 | D:10     | Found a sacrificial altar of Ru.
 12375 | Lair:1   | Entered Level 1 of the Lair of Beasts
 12377 | Lair:1   | Noticed a six-headed hydra
 12387 | Lair:1   | Killed a six-headed hydra
 12388 | Lair:1   | Reached skill level 10 in Summonings
 12659 | Lair:1   | Noticed a catoblepas
 12676 | Lair:1   | Noticed a catoblepas
 13295 | Lair:1   | Noticed a seven-headed hydra
 13783 | Lair:1   | Killed a seven-headed hydra
 14003 | Lair:2   | Found a hole to the Spider Nest.
 14069 | Lair:2   | Reached XP level 12. HP: 42/81 MP: 5/25
 14303 | Lair:2   | Found a staircase to the Shoals.
 14823 | Lair:2   | Reached skill level 10 in Spellcasting
 15255 | Lair:2   | Reached skill level 1 in Shields
 16312 | Lair:3   | Found a gate leading to a gauntlet.
 16335 | Lair:3   | Bought a scroll of identify for 30 gold pieces
 16335 | Lair:3   | Bought a scroll of identify for 30 gold pieces
 16335 | Lair:3   | Bought a scroll of identify for 30 gold pieces
 16341 | Gauntlet | Entered a Gauntlet
 16341 | Gauntlet | Found a transporter.
 16371 | Gauntlet | Found a transporter.
 16374 | Gauntlet | Found a transporter.
 16375 | Gauntlet | Found a transporter.
 16383 | Gauntlet | Found a transporter.
 16386 | Gauntlet | Found a transporter.
 16387 | Gauntlet | Found a transporter.
 16391 | Gauntlet | Found a runed translucent door.
 16395 | Gauntlet | Found a transporter.
 16398 | Gauntlet | Found a transporter.
 16399 | Gauntlet | Found a transporter.
 16401 | Gauntlet | Noticed a death scarab
 16403 | Gauntlet | Noticed a death scarab
 16407 | Gauntlet | Found a transporter.
 16410 | Gauntlet | Found a transporter.
 16411 | Gauntlet | Found a transporter.
 16419 | Gauntlet | Found a transporter.
 16469 | Gauntlet | Found a runed translucent door.
 17183 | Gauntlet | Noticed a minotaur
 17207 | Gauntlet | Hit by a javelin thrown by a minotaur

Illustrated notes

Levels and vault maps discovered:
D:1:      shiori_arrival_whats_in_store_for_you, layout_basic,
          chequers_ecumenical_altar_twisty, hangedman_abyss_or_decor_lesser_grid
D:2:      minmay_razor_zed, layout_basic
D:3:      layout_loops_ring, tso_oasis_becter, nicolae_shop_vocational,
          uniq_terence, uniq_natasha
D:4:      layout_rooms, nicolae_overflow_crystal_walls, elyvilon_altar_3
D:5:      layout_loops_ring, lemuel_round_altar, minmay_temple_entry_butterflies
D:6:      layout_rooms, mainiacjoe_overflow_24_doors,
          mainiacjoe_overflow_brackets, minivault_22, uniq_eustachio
D:7:      layout_loops_corners, slow_altar_2, minmay_between, uniq_joseph,
          uniq_duvessa, uniq_prince_ribbit1
D:8:      layout_loops_ring, zin_scriptorium, eat_drink_and_be_merry_uskayaw,
          chequers_serial_rivers_micro_b, kennysheep_just_a_vault, uniq_pikel
D:9:      layout_roguey, kennysheep_mini, led_sif_book,
          grunt_dithmenos_smoke_and_mirrors, nicolae_shop_gadgets
D:10:     layout_small_grid, bloody_trog, lemuel_round_altar,
          lemuel_crystal_altar, mainiacjoe_overflow_tiny_flanked,
          erik_lair_orcish_takeover, minivault_16
Temple:   corrupted_temple
Lair:1:   layout_loops_ring, st_stairs_10, grunt_megastairs_2,
          serial_bayou_shore_b, lemuel_fruit_tree
Lair:2:   layout_roguey, elwin_shoals_entry_stream, spider_nest_entry_a,
          special_room [special_room_bee], st_stairs_13
Lair:3:   layout_concentric_octagons, gauntlet_entry_generic,
          serial_bayou_shore_a
Gauntlet: gammafunk_gauntlet_77_escape_option [minmay_gauntlet_arena_77_mirror,
          minmay_gauntlet_arena_77_block_sizes,
          minmay_gauntlet_arena_77_shame_cube,
          minmay_gauntlet_arena_77_checkered,
          minmay_gauntlet_arena_77_terracotta_army, gauntlet_exit_green]

Skill      XL: |  1  2  3  4  5  6  7  8  9 10 11 12 |
---------------+-------------------------------------+-----
Spellcasting   | 3 4 5 6 7 8 9 10 | 10.0
Summonings     | 5 6 7 8 9 10 | 10.0
Hexes          | 2 3 4 5 |  5.0
Air Magic      | 2 4 5 7 |  7.0
Fighting       | 2 4 7 9 |  9.1
Dodging        | 3 5 7 9 |  9.4
Shields        | 2 |  2.5
Stealth        | |  2.6

Action                   |  1- 3 |  4- 6 |  7- 9 | 10-12 || total
-------------------------+-------+-------+-------+-------++-------
Melee: Constrict         |    12 |    11 |    10 |     8 ||    41
       Tentacles         |     9 |     6 |     4 |    15 ||    34
       Unarmed           |     1 |       |       |       ||     1
       Dagger            |    35 |    27 |       |       ||    62
       Punch             |     1 |       |       |       ||     1
       Short sword       |       |    16 |    26 |    37 ||    79
 Cast: Summon Small Mamm |    10 |       |       |       ||    10
       Call Imp          |    10 |    12 |     5 |       ||    27
       Call Canine Famil |       |    12 |    28 |    57 ||    97
       Summon Guardian G |       |       |    34 |    85 ||   119
       Tukima's Dance    |       |       |     6 |     5 ||    11
       Summon Lightning  |       |       |     5 |    61 ||    66
Invok: Call Merchant     |       |       |       |     1 ||     1
  Use: Scroll            |       |       |       |    26 ||    26
       Potion            |       |       |       |     2 ||     2
 Stab: Sleeping          |     7 |    10 |     7 |       ||    24
       Distracted        |       |     1 |       |       ||     1
Armor: Skin              |     1 |     5 |     2 |     5 ||    13
Dodge: Dodged            |    28 |    17 |    32 |    68 ||   145
Block: Kite shield       |       |       |       |    11 ||    11

Table legend: (Time is in decaauts)
 A = Elapsed time spent in this place.
 B = Non-inter-level travel time spent in this place.
 C = Inter-level travel time spent in this place.
 D = Time resting spent in this place.
 E = Time spent auto-exploring this place.
 F = Levels seen in this place.
 G = Mean time per level.
                   A        B        C        D        E       F      G
               +--------+--------+--------+--------+--------+-----+--------+
         Total |  17228 |  16828 |    400 |   2222 |  11332 |  15 | 1148.5 |
       Dungeon |  12565 |  12228 |    337 |   1154 |   8876 |  10 | 1256.5 |
        Temple |     49 |     36 |     13 |      0 |     22 |   1 |   49.0 |
          Lair |   3748 |   3698 |     50 |    558 |   2253 |   3 | 1249.3 |
      Gauntlet |    864 |    864 |      0 |    510 |    181 |   1 |  864.0 |
               +--------+--------+--------+--------+--------+-----+--------+

Top non-repeatable levels by time:
  Lair:2: 2329 daAuts
     D:7: 2109 daAuts
     D:5: 1568 daAuts
    D:10: 1385 daAuts
     D:8: 1290 daAuts
  Lair:1: 1288 daAuts
     D:9: 1284 daAuts
     D:3: 1119 daAuts
     D:1: 1077 daAuts
     D:2: 1076 daAuts
     D:6: 993 daAuts
Gauntlet: 864 daAuts
     D:4: 659 daAuts
  Lair:3: 130 daAuts
  Temple: 49 daAuts
